 Dungeon Crawl Stone Soup version 0.21.1-1-g345015fe64 (webtiles) character file.

412 KleinerIrrer the Ducker (level 6, -1/45 HPs)
             Began as an Octopode Transmuter on Apr 17, 2018.
             Slain by an orc
             ... wielding a +2 falchion of slicing
              (5 damage)
             ... on level 4 of the Dungeon.
             The game lasted 00:05:09 (3936 turns).

KleinerIrrer the Ducker (Octopode Transmuter)       Turns: 3936, Time: 00:05:10

Health: -1/45      AC:  1    Str: 11    XL:     6   Next: 90%
Magic:  9/9        EV: 15    Int: 15    God:
Gold:   194        SH:  0    Dex: 13    Spells: 6/9 levels left

rFire    . . .     SeeInvis .   i - +2 dagger (venom)
rCold    . . .     Gourm    .   (no shield)
rNeg     . . .     Faith    .   (helmet restricted)
rPois    .         Spirit   .   (no amulet)
rElec    .         Reflect  .   (no ring)
rCorr    .         Harm     .   (no ring)
MR       .....                  (no ring)
Stlth    ++........             (no ring)
HPRegen  0.15/turn              (no ring)
MPRegen  0.11/turn              (no ring)
                                (no ring)
                                (no ring)

@: confused
A: almost no armour, stealthy swim, amphibious, 8 rings, constrict 8, camouflage
1, gelatinous body 1
a: no special abilities


You were on level 4 of the Dungeon.
You were hungry.

You visited 1 branch of the dungeon, and saw 4 of its levels.

You collected 194 gold pieces.

Inventory:

Hand Weapons
 i - a +2 dagger of venom (weapon)
Missiles
 a - 12 arrows
Jewellery
 d - an uncursed ring of fire
 l - an uncursed ring of fire
Wands
 m - a wand of polymorph (16)
 q - a wand of random effects (34)
Scrolls
 g - 4 scrolls of remove curse
 k - a scroll of enchant armour {unknown}
 n - a scroll of amnesia {unknown}
 o - a scroll of magic mapping {unknown}
 r - a scroll of random uselessness {unknown}
 s - 2 scrolls of identify
 u - a scroll of teleportation {unknown}
Potions
 e - 2 potions of resistance
 h - a potion of cancellation
 j - a potion of berserk rage
 p - a potion of ambrosia {unknown}
 t - a potion of invisibility {unknown}
 v - a potion of heal wounds {unknown}
Books
 b - a book of Changes

   Spells                             Type                      Level
   a - Beastly Appendage              Transmutation                1
   b - Sticks to Snakes               Transmutation                2
   c - Spider Form                    Transmutation/Poison         3
   d - Ice Form                       Ice/Transmutation            4
   e - Blade Hands                    Transmutation                5
 w - a book of Cantrips

   Spells                             Type                      Level
   a - Confusing Touch                Hexes                        1
   b - Animate Skeleton               Necromancy                   1
   c - Summon Small Mammal            Summoning                    1
   d - Apportation                    Translocation                1
Comestibles
 c - 8 rations
 f - 2 chunks of flesh


   Skills:
 + Level 4.8 Fighting
 + Level 5.1 Dodging
 - Level 3.0 Unarmed Combat
 - Level 2.0 Spellcasting
 - Level 2.0 Transmutations


You had 6 spell levels left.
You knew the following spells:

 Your Spells              Type           Power        Failure   Level  Hunger
a - Beastly Appendage     Tmut           #.....       10%         1    #......
b - Sticks to Snakes      Tmut           #.......     14%         2    ###....


Dungeon Overview and Level Annotations

Branches:
Dungeon (4/15)
 Temple: D:4-7

Altars:
Gozag
Zin


Innate Abilities, Weirdness & Mutations

You cannot wear most types of armour.
You are very stealthy in the water. (Stealth+)
You are amphibious.
You can wear up to eight rings at the same time.
You can use your tentacles to constrict eight enemies at once.
Your skin changes colour to match your surroundings (Stealth+).
Your rubbery body absorbs attacks. (AC +1, EV +1)


Message History

A magic dart appears from out of thin air!
The magic dart hits you! The orc closely misses you.
You closely miss something.
You constrict the orc, but do no damage.
Something barely misses you.
The orc hits you with a falchion of slicing.
* * * LOW HITPOINT WARNING * * *
x2 You release your grip on the orc.
You are feeling hungry.
A magic dart appears from out of thin air!
The magic dart hits you!
* * * LOW HITPOINT WARNING * * *
You closely miss the orc.
The orc is heavily wounded.
The orc misses you.
You closely miss the orc.
The orc is heavily wounded.
Something hits you but does no damage.
The orc hits you with a falchion of slicing.
You die...

.......
...(...
.......
(......
.....%.
###.......
###@....#
##...o)..#
###....#[..#
###....###..##
####...####
..# ###...####
..# ###...###
.## ##...###
.. ...### ..


You could see an orc.

Vanquished Creatures
  An ice beast (D:3)
  A black bear (D:3)
  An orc priest (D:4)
  A hound (D:4)
  A worker ant (D:4)
  Robin (D:2)
  3 adders
  An ooze (D:2)
  4 worms
  2 leopard geckos
  10 orcs
  3 giant cockroaches
  12 goblins
  10 hobgoblins
  4 jackals (D:3)
  4 quokkas
  8 bats
  4 frilled lizards
  9 kobolds
  10 rats
90 creatures vanquished.

Notes
Turn   | Place    | Note
-------+----------+-------------------------------------------
     0 | D:1      | KleinerIrrer the Octopode Transmuter began the quest for the Orb.
     0 | D:1      | Reached XP level 1. HP: 13/13 MP: 3/3
   267 | D:1      | Reached XP level 2. HP: 14/18 MP: 5/5
  1167 | D:2      | Reached XP level 3. HP: 14/24 MP: 6/6
  1408 | D:2      | Noticed Robin
  1422 | D:2      | Killed Robin
  1422 | D:2      | Reached skill level 3 in Dodging
  1619 | D:2      | Reached XP level 4. HP: 27/30 MP: 7/7
  2096 | D:3      | Noticed a black bear
  2105 | D:3      | Killed a black bear
  2105 | D:3      | Reached skill level 4 in Dodging
  2105 | D:3      | Reached XP level 5. HP: 19/37 MP: 6/8
  2257 | D:2      | Learned a level 2 spell: Sticks to Snakes
  2753 | D:3      | Noticed an ice beast
  2776 | D:3      | Killed an ice beast
  2776 | D:3      | Reached XP level 6. HP: 8/44 MP: 9/9
  3591 | D:3      | Found an opulent altar of Gozag.
  3592 | D:3      | Found a glowing silver altar of Zin.
  3884 | D:4      | Reached skill level 5 in Dodging
  3936 | D:4      | Slain by an orc

Skill      XL: |  1  2  3  4  5  6 |
---------------+-------------------+-----
Fighting       | 2 3 4 |  4.8
Dodging        | 3 4 5 |  5.1
Unarmed Combat | |  3.0
Spellcasting   | |  2.0
Transmutations | |  2.0

Action                   |  1- 3 |  4- 6 || total
-------------------------+-------+-------++-------
Melee: Unarmed           |    83 |    53 ||   136
       Constrict         |    24 |    41 ||    65
       Tentacles         |    15 |    30 ||    45
       Punch             |     2 |     2 ||     4
       Kick              |       |     4 ||     4
       Dagger            |       |    87 ||    87
 Cast: Beastly Appendage |       |     1 ||     1
  Use: Scroll            |       |     4 ||     4
       Potion            |       |     2 ||     2
 Stab: Sleeping          |     4 |     7 ||    11
       Distracted        |       |     1 ||     1
  Eat: Chunk             |     2 |     7 ||     9
Armor: Skin              |     8 |    10 ||    18
Dodge: Dodged            |    54 |    87 ||   141
